Phantoms vs Wolfpack

Created - November 9, 2023 at 20:56

Goals
1 2 3 T
Phantoms 2 1 2 5
Wolfpack 1 1 0 2
Shots
1 2 3 T
Phantoms 16 4 5 25
Wolfpack 12 12 15 39

1st period

1. Phantoms , Joe Snively 7 (Erik Nystrom 5) at 8:17
2. Wolfpack , Sebastian Collberg 3 (Samuel Blais 5, Casey Mittelstadt 5) at 10:12 (PP)
3. Phantoms , Brett Murray 1 (Laurent Dauphin 1, David Kampf 2) at 18:16

Penalties :
A.J. Greer (Leh) for Hooking (Minor) at 10:04

2nd period

4. Phantoms , Rem Pitlick 6 (Morgan Klimchuk 12, Lucas Wallmarkk 7) at 7:10
5. Wolfpack , Samuel Blais 12 (Ryan Culkin 7, Steven Santini 13) at 13:35

Penalties :
Rem Pitlick (Leh) for Roughing (Minor) at 9:14, Rem Pitlick (Leh) for Holding (Minor) at 13:51, Owen Tippet (Har) for Tripping (Minor) at 16:43, Ryan Culkin (Har) for Slashing (Minor) at 19:44

3rd period

6. Phantoms , Cristoval Nieves 7 (A.J. Greer 4, Victor Berglund 2) at 14:18
7. Phantoms , Rem Pitlick 7 (Lucas Wallmarkk 8) at 14:44 (PP)

Penalties :
Nick Sorensen (Leh) for Slashing (Minor) at 9:28, Samuel Blais (Har) for Roughing (Minor) at 14:35

Goalie Stats

Zachary Fucale (Leh), 37 saves from 39 shots - (0.949), W, 2-0-0, 60:00 minutes
Ivan Fedotov (Har), 20 saves from 25 shots - (0.800), L, 2-6-2, 60:00 minutes

Players Stats for Phantoms

Player Name              G  A  P  +/- PIM S  H  SB GA TA FO     MP     PP MP  PK MP  
------------------------------------------------------------------------------------
A.J. Greer               0  1  1   0  2   2  1  0  0  0  0/1    14:54   0:00   0:49 
Anthony Angello          0  0  0   0  0   0  0  0  0  0  0/0     0:25   0:06   0:17 
Benoit-Olivier Groulx    0  0  0   0  0   0  0  0  0  0  0/0     0:00   0:00   0:00 
Brett Murray             1  0  1   1  0   1  1  0  0  0  0/0     6:23   0:00   0:00 
Cal Foote                0  0  0   2  0   0  3  2  0  3  0/0    27:13   2:48   2:49 
Cooper Marody            0  0  0   0  0   0  0  0  0  0  0/0     0:00   0:00   0:00 
Cristoval Nieves         1  0  1   0  0   2  1  0  1  0  3/4    16:06   0:00   1:10 
David Gustafsson         0  0  0   0  0   0  0  0  0  0  0/0     0:00   0:00   0:00 
David Kampf              0  1  1   1  0   1  0  0  0  0  0/3     6:23   0:00   0:00 
Erik Nystrom             0  1  1   1  0   0  3  0  0  0  0/0    15:33   1:41   0:13 
Fabian Zetterlund        0  0  0   0  0   0  0  0  0  0  0/0     0:00   0:00   0:00 
Joe Snively              1  0  1   1  0   4  1  0  0  1  4/13   17:19   1:41   1:10 
Josiah Slavin            0  0  0   0  0   0  0  0  0  0  1/1     1:05   0:00   1:05 
Laurent Dauphin          0  1  1   1  0   0  1  0  0  0  0/0     4:04   0:16   0:00 
Lucas Wallmarkk          0  2  2   1  0   4  3  0  4  0  19/28  20:52   2:20   3:43 
Matt Kiersted            0  0  0   1  0   0  1  3  0  0  0/0    19:58   1:19   3:16 
Mikko Lehtonen           0  0  0   1  0   1  2  2  0  0  0/0    19:58   1:19   3:16 
Morgan Klimchuk          0  1  1   1  0   3  2  0  0  0  5/10   23:28   2:20   3:43 
Nick Sorensen            0  0  0   1  2   0  1  0  1  0  0/0    15:25   1:41   0:00 
Oliver Wahlstrom         0  0  0   0  0   1  1  0  0  0  0/0    14:06   0:00   0:00 
Rem Pitlick              2  0  2   1  4   6  0  0  1  0  1/1    17:48   2:16   0:00 
Riley Stillman           0  0  0   0  0   0  1  0  0  0  0/0    12:49   0:00   0:00 
Rinat Valiev             0  0  0   1  0   0  0  0  0  1  0/0    23:05   2:48   2:49 
Ty Smith                 0  0  0   0  0   0  0  1  0  0  0/0    12:26   0:00   0:00 
Victor Berglund          0  1  1   1  0   0  0  0  0  0  0/0     4:31   0:00   0:00 

Players Stats for Wolfpack

Player Name              G  A  P  +/- PIM S  H  SB GA TA FO     MP     PP MP  PK MP  
------------------------------------------------------------------------------------
Alex Barre-Boulet        0  0  0  -1  0   3  1  0  0  0  3/5    10:56   0:00   0:00 
Alexander Barabanov      0  0  0  -1  0   1  1  0  0  0  0/1    11:24   0:28   0:00 
Casey Mittelstadt        0  1  1  -1  0   2  2  0  0  2  16/32  21:51   2:32   2:15 
Colton White             0  0  0   0  0   4  0  1  0  0  0/0    20:28   2:09   2:04 
Connor Chatam            0  0  0   0  0   3  1  0  0  0  1/1    15:44   2:52   0:00 
David Pope               0  0  0   0  0   4  0  1  1  0  0/0    18:46   2:48   2:21 
Dryden Hunt              0  0  0  -1  0   1  1  0  0  0  0/0    10:07   0:45   1:11 
Jake Marchment           0  0  0  -1  0   0  0  1  0  0  1/4     9:35   0:21   0:18 
Joshua Jacobs            0  0  0  -2  0   0  0  0  0  0  0/0    12:16   0:00   0:27 
K'Andre Miller           0  0  0   0  0   0  2  0  0  1  0/0    20:59   2:09   2:35 
Linus Sandin             0  0  0  -1  0   1  4  0  0  1  0/0     8:25   0:00   0:00 
Nolan Patrick            0  0  0   0  0   2  2  0  0  1  5/15   17:18   2:52   1:34 
Owen Tippet              0  0  0  -1  2   1  1  0  0  0  0/0    11:33   0:32   0:00 
Ryan Culkin              0  1  1  -1  2   1  1  1  1  1  0/0    26:59   3:56   0:55 
Samuel Blais             1  1  2  -1  2   7  0  1  1  1  1/2    20:10   2:32   0:35 
Sebastian Collberg       1  0  1  -1  0   5  1  0  2  0  1/1    19:37   2:33   0:00 
Steven Santini           0  1  1  -1  0   4  1  1  0  0  0/0    27:53   3:56   2:13 
Will Borgen              0  0  0  -2  0   0  0  1  0  0  0/0    11:49   0:00   0:00 

3 Stars

1 - Zachary Fucale (Leh)
2 - Lucas Wallmarkk (Leh)
3 - Rem Pitlick (Leh)

Power Play

Phantoms - 1 on 3 Attempt(s) - 33.33%
Wolfpack - 1 on 4 Attempt(s) - 25.00%

Penalty Kill

Phantoms - 3 on 4 Attempt(s) - 75.00% - Score 0 goal in Penalty Kill
Wolfpack - 2 on 3 Attempt(s) - 66.67% - Score 0 goal in Penalty Kill

Team Stat

Phantoms - Hits : 22 - Faceoff Wins : 33 - Blocked Shots : 8 - Penalty Minutes : 8
Wolfpack - Hits : 18 - Faceoff Wins : 28 - Blocked Shots : 7 - Penalty Minutes : 6

Official

Referees : Tom Chmielewski and Brandon Schrader
Linesman : Kory Nagy and David Brisebois

Game Notes

No Game Note

Finance

Level 1 -- Attendance: 1757 (87.85%) -- Ticket Income $122,990
Level 2 -- Attendance: 980 (98.00%) -- Ticket Income $39,200
Total Attendance: 2737 (91.23%)
Total Ticket Income: $162,190
Other Income: $8,110
Total Income: $170,300

Phantoms

5 vs 5 Forward 
   Center                   Left Wing                Right Wing               Time % Phy DF OF 
 1 Lucas Wallmarkk          Morgan Klimchuk          Rem Pitlick              40     1   2  2  
 2 Joe Snively              Erik Nystrom             Nick Sorensen            30     1   2  2  
 3 Cristoval Nieves         A.J. Greer               Oliver Wahlstrom         20     1   2  2  
 4 David Kampf              Brett Murray             Morgan Klimchuk          10     1   2  2  

5 vs 5 Defense 
   Defense                  Defense                                           Time % Phy DF OF 
 1 Cal Foote                Rinat Valiev                                      40     1   2  2  
 2 Mikko Lehtonen           Matt Kiersted                                     30     1   2  2  
 3 Riley Stillman           Ty Smith                                          20     1   2  2  
 4 Victor Berglund          Cal Foote                                         10     1   2  2  

PowerPlay Forward 
   Center                   Left Wing                Right Wing               Time % Phy DF OF 
 1 Lucas Wallmarkk          Morgan Klimchuk          Rem Pitlick              60     1   2  2  
 2 Joe Snively              Erik Nystrom             Nick Sorensen            40     1   2  2  

PowerPlay Defense
   Defense                  Defense                                           Time % Phy DF OF 
 1 Cal Foote                Rinat Valiev                                      60     1   2  2  
 2 Mikko Lehtonen           Matt Kiersted                                     40     1   2  2  

Penalty Kill 4 Players Forward 
   Center                   Wing                     Time % Phy DF OF 
 1 Morgan Klimchuk          Lucas Wallmarkk          60     1   2  2  
 2 Joe Snively              Cristoval Nieves         40     1   2  2  

Penalty Kill 4 Players Defense
   Defense                  Defense                  Time % Phy DF OF 
 1 Cal Foote                Rinat Valiev             60     1   2  2  
 2 Mikko Lehtonen           Matt Kiersted            40     1   2  2  

Penalty Kill - 3 Players Forward 
   Forward                                           Time % Phy DF OF 
 1 Morgan Klimchuk                                   60     1   2  2  
 2 Lucas Wallmarkk                                   40     1   2  2  

Penalty Kill - 3 Players Defense
   Defense                  Defense                  Time % Phy DF OF 
 1 Cal Foote                Rinat Valiev             60     1   2  2  
 2 Mikko Lehtonen           Matt Kiersted            40     1   2  2  

4 vs 4 Forward 
   Center                   Wing                     Time % Phy DF OF 
 1 Morgan Klimchuk          Lucas Wallmarkk          60     1   2  2  
 2 Joe Snively              Cristoval Nieves         40     1   2  2  

4 vs 4 Defense
   Defense                  Defense                  Time % Phy DF OF 
 1 Cal Foote                Rinat Valiev             60     1   2  2  
 2 Mikko Lehtonen           Matt Kiersted            40     1   2  2  

Last Minutes Offensive
   Center                   Left Wing                Right Wing               Defense                  Defense                  
   Lucas Wallmarkk          Morgan Klimchuk          Rem Pitlick              Cal Foote                Rinat Valiev             

Last Minutes Defensive
   Center                   Left Wing                Right Wing               Defense                  Defense                  
   Lucas Wallmarkk          Morgan Klimchuk          Rem Pitlick              Cal Foote                Rinat Valiev             

Goaltenders
Starting : Zachary Fucale           
Backup : Anton Forsberg           

Extra Forwards
Normal : Laurent Dauphin, Anthony Angello, Josiah Slavin - PP : Laurent Dauphin, Anthony Angello - PK : Josiah Slavin
Extra Defensemen
Normal : Riley Stillman, Ty Smith, Victor Berglund - PP : Riley Stillman - PK : Ty Smith, Victor Berglund
Penalty Shots
Morgan Klimchuk, Lucas Wallmarkk, Joe Snively, Cristoval Nieves, David Kampf
Custom OT Lines Forwards
Morgan Klimchuk, Lucas Wallmarkk, Joe Snively, Cristoval Nieves, David Kampf, Rem Pitlick, Erik Nystrom, Nick Sorensen, Laurent Dauphin, Anthony Angello
Custom OT Lines Defensemen
Cal Foote, Rinat Valiev, Mikko Lehtonen, Matt Kiersted, Riley Stillman

Scratches
Sven Andrighetto (Suspend), Jacob Ingham (Healthy), Zachary Sawchenko (Healthy), Kevin Lankinen (Healthy)

Wolfpack

5 vs 5 Forward 
   Center                   Left Wing                Right Wing               Time % Phy DF OF 
 1 Casey Mittelstadt        Samuel Blais             Sebastian Collberg       40     1   2  2  
 2 Nolan Patrick            David Pope               Connor Chatam            30     1   2  2  
 3 Alex Barre-Boulet        Alexander Barabanov      Owen Tippet              20     1   2  2  
 4 Jake Marchment           Dryden Hunt              Linus Sandin             10     1   2  2  

5 vs 5 Defense 
   Defense                  Defense                                           Time % Phy DF OF 
 1 Steven Santini           Ryan Culkin                                       40     1   2  2  
 2 Colton White             K'Andre Miller                                    30     1   2  2  
 3 Joshua Jacobs            Will Borgen                                       20     1   2  2  
 4 Steven Santini           Ryan Culkin                                       10     1   2  2  

PowerPlay Forward 
   Center                   Left Wing                Right Wing               Time % Phy DF OF 
 1 Casey Mittelstadt        Samuel Blais             Sebastian Collberg       60     1   2  2  
 2 Nolan Patrick            David Pope               Connor Chatam            40     1   2  2  

PowerPlay Defense
   Defense                  Defense                                           Time % Phy DF OF 
 1 Steven Santini           Ryan Culkin                                       60     1   2  2  
 2 Colton White             K'Andre Miller                                    40     1   2  2  

Penalty Kill 4 Players Forward 
   Center                   Wing                     Time % Phy DF OF 
 1 Casey Mittelstadt        David Pope               60     1   2  2  
 2 Nolan Patrick            Samuel Blais             40     1   2  2  

Penalty Kill 4 Players Defense
   Defense                  Defense                  Time % Phy DF OF 
 1 Steven Santini           Ryan Culkin              60     1   2  2  
 2 Colton White             K'Andre Miller           40     1   2  2  

Penalty Kill - 3 Players Forward 
   Forward                                           Time % Phy DF OF 
 1 Casey Mittelstadt                                 60     1   2  2  
 2 Nolan Patrick                                     40     1   2  2  

Penalty Kill - 3 Players Defense
   Defense                  Defense                  Time % Phy DF OF 
 1 Steven Santini           Ryan Culkin              60     1   2  2  
 2 Colton White             K'Andre Miller           40     1   2  2  

4 vs 4 Forward 
   Center                   Wing                     Time % Phy DF OF 
 1 Casey Mittelstadt        Samuel Blais             60     1   2  2  
 2 Nolan Patrick            Dryden Hunt              40     1   2  2  

4 vs 4 Defense
   Defense                  Defense                  Time % Phy DF OF 
 1 Steven Santini           Ryan Culkin              60     1   2  2  
 2 Colton White             K'Andre Miller           40     1   2  2  

Last Minutes Offensive
   Center                   Left Wing                Right Wing               Defense                  Defense                  
   Casey Mittelstadt        David Pope               Sebastian Collberg       Steven Santini           Ryan Culkin              

Last Minutes Defensive
   Center                   Left Wing                Right Wing               Defense                  Defense                  
   Casey Mittelstadt        David Pope               Sebastian Collberg       Steven Santini           Ryan Culkin              

Goaltenders
Starting : Ivan Fedotov             
Backup : Mike Condon              

Extra Forwards
Normal : Casey Mittelstadt, Alexander Barabanov, Dryden Hunt - PP : Casey Mittelstadt, Alexander Barabanov - PK : Casey Mittelstadt
Extra Defensemen
Normal : K'Andre Miller, Joshua Jacobs, Will Borgen - PP : K'Andre Miller - PK : K'Andre Miller, Joshua Jacobs
Penalty Shots
David Pope, Samuel Blais, Sebastian Collberg, Connor Chatam, Casey Mittelstadt
Custom OT Lines Forwards
David Pope, Samuel Blais, Sebastian Collberg, Connor Chatam, Casey Mittelstadt, Alexander Barabanov, Dryden Hunt, Nolan Patrick, Owen Tippet, Alex Barre-Boulet
Custom OT Lines Defensemen
Steven Santini, Ryan Culkin, Colton White, K'Andre Miller, Joshua Jacobs

Scratches
Ryan Poehling (Healthy), Mason Shaw (Healthy), Samuel Houde (Healthy), Joel Kiviranta (Healthy), Dylan Samberg (Healthy)
Cale Fleury (Broken Left Thumb Injury), Mikhail Vorobyev (Healthy), Andrew Peeke (Healthy), Dante Fabbro (Healthy), Jeffrey Viel (Healthy)
Yegor Korshkov (Healthy), Alexander Volkov (Healthy), Jack Drury (Healthy), Jakub Lauko (Healthy), Martin Kaut (Healthy)
Mathias Laferriere (Healthy), Samuel Ersson (Healthy), Jake Paterson (Healthy)

% Time on Ice - Phantoms

Lines # - Real PCT - Wanted PCT - Time Play
Normal Forward
1 - 30% - 40% - 14:51
2 - 29% - 30% - 14:28
3 - 28% - 20% - 14:06
4 - 13% - 10% - 6:23
Normal Defense
1 - 35% - 40% - 17:28
2 - 31% - 30% - 15:23
3 - 25% - 20% - 12:26
4 - 9% - 10% - 4:31
PP Forward
1 - 59% - 60% - 2:26
2 - 41% - 40% - 1:41
PP Defense
1 - 68% - 60% - 2:48
2 - 32% - 40% - 1:19
PK Forward
1 - 81% - 60% - 4:55
2 - 19% - 40% - 1:10
PK Defense
1 - 46% - 60% - 2:49
2 - 54% - 40% - 3:16
PK3 Forward
1 - 0% - 60%
2 - 0% - 40%
PK3 Defense
1 - 0% - 60%
2 - 0% - 40%
44 Forward
1 - 0% - 60%
2 - 0% - 40%
44 Defense
1 - 0% - 60%
2 - 0% - 40%
Last Minute Offensive  - 0:00
Last Minute Defensive  - 0:00
Total
Forward - 60:00
Defense - 60:00

% Time on Ice - Wolfpack

Lines # - Real PCT - Wanted PCT - Time Play
Normal Forward
1 - 35% - 40% - 17:35
2 - 26% - 30% - 12:52
3 - 22% - 20% - 10:56
4 - 17% - 10% - 8:25
Normal Defense
1 - 40% - 40% - 20:03
2 - 32% - 30% - 15:45
3 - 24% - 20% - 11:49
4 - 4% - 10% - 2:11
PP Forward
1 - 53% - 60% - 3:13
2 - 47% - 40% - 2:52
PP Defense
1 - 65% - 60% - 3:56
2 - 35% - 40% - 2:09
PK Forward
1 - 89% - 60% - 3:41
2 - 11% - 40% - 0:26
PK Defense
1 - 70% - 60% - 2:54
2 - 30% - 40% - 1:13
PK3 Forward
1 - 0% - 60%
2 - 0% - 40%
PK3 Defense
1 - 0% - 60%
2 - 0% - 40%
44 Forward
1 - 0% - 60%
2 - 0% - 40%
44 Defense
1 - 0% - 60%
2 - 0% - 40%
Last Minute Offensive  - 0:00
Last Minute Defensive  - 0:00
Total
Forward - 60:00
Defense - 60:00

Play-by-Play

1st period


0:01 of 1st period - Casey Mittelstadt wins face-off versus Lucas Wallmarkk in neutral zone.
1:37 of 1st period - Snap shot by Joe Snively.
1:37 of 1st period - Shot Hit the Post.
2:09 of 1st period - Slapshot by Mikko Lehtonen.
2:09 of 1st period - Stopped by Ivan Fedotov with a rebound.
2:25 of 1st period - Slapshot by Linus Sandin.
2:25 of 1st period - Stopped by Zachary Fucale with a rebound.
3:04 of 1st period - Wrist shot by Alex Barre-Boulet.
3:04 of 1st period - Stopped by Zachary Fucale with a rebound.
3:06 of 1st period - Snap shot by Colton White.
3:06 of 1st period - Deflect By Alex Barre-Boulet.
3:06 of 1st period - Stopped by Zachary Fucale with a rebound.
4:02 of 1st period - Steven Santini is hit by Matt Kiersted and loses puck.
4:15 of 1st period - Wrist shot by Alexander Barabanov.
4:15 of 1st period - Stopped by Zachary Fucale without a rebound.
4:16 of 1st period - Alex Barre-Boulet wins face-off versus David Kampf in Phantoms zone.
5:12 of 1st period - Wrist shot by David Pope.
5:12 of 1st period - Stopped by Zachary Fucale with a rebound.
5:34 of 1st period - Slapshot by A.J. Greer.
5:34 of 1st period - Stopped by Ivan Fedotov without a rebound.
5:35 of 1st period - Casey Mittelstadt wins face-off versus Morgan Klimchuk in Wolfpack zone.
6:01 of 1st period - Wrist shot by Joe Snively.
6:01 of 1st period - Stopped by Ivan Fedotov with a rebound.
7:12 of 1st period - Snap shot by A.J. Greer.
7:12 of 1st period - Stopped by Ivan Fedotov without a rebound.
7:13 of 1st period - Morgan Klimchuk wins face-off versus Casey Mittelstadt in Wolfpack zone.
7:22 of 1st period - Wrist shot by Lucas Wallmarkk.
7:22 of 1st period - Stopped by Ivan Fedotov with a rebound.
7:26 of 1st period - Snap shot by Lucas Wallmarkk.
7:26 of 1st period - Stopped by Ivan Fedotov without a rebound.
7:27 of 1st period - Lucas Wallmarkk wins face-off versus Nolan Patrick in Wolfpack zone.
7:28 of 1st period - Wrist shot by Rem Pitlick.
7:28 of 1st period - Stopped by Ivan Fedotov without a rebound.
7:29 of 1st period - Nolan Patrick wins face-off versus Lucas Wallmarkk in Wolfpack zone.
7:38 of 1st period - Wrist shot by David Pope.
7:38 of 1st period - Stopped by Zachary Fucale without a rebound.
7:39 of 1st period - Rem Pitlick wins face-off versus Casey Mittelstadt in Phantoms zone.
7:44 of 1st period - Backhand shot by Sebastian Collberg.
7:44 of 1st period - Shot Misses the Net.
7:46 of 1st period - Slapshot by Ryan Culkin.
7:46 of 1st period - Stopped by Zachary Fucale with a rebound.
7:48 of 1st period - Slapshot by Casey Mittelstadt.
7:48 of 1st period - Stopped by Zachary Fucale with a rebound.
8:04 of 1st period - Steven Santini is hit by Erik Nystrom and loses puck.
8:11 of 1st period - Snap shot by Joe Snively.
8:11 of 1st period - Stopped by Ivan Fedotov without a rebound.
8:12 of 1st period - Joe Snively wins face-off versus Casey Mittelstadt in Wolfpack zone.
8:17 of 1st period - Wrist shot by Joe Snively.
8:17 of 1st period - Goal by Joe Snively - Phantoms : 1 - Wolfpack : 0.
8:18 of 1st period - Nolan Patrick wins face-off versus Lucas Wallmarkk in neutral zone.
8:27 of 1st period - Snap shot by Morgan Klimchuk.
8:27 of 1st period - Stopped by Ivan Fedotov without a rebound.
8:28 of 1st period - Nolan Patrick wins face-off versus Lucas Wallmarkk in Wolfpack zone.
8:43 of 1st period - Snap shot by Morgan Klimchuk.
8:43 of 1st period - Stopped by Ivan Fedotov with a rebound.
8:49 of 1st period - Snap shot by Lucas Wallmarkk.
8:49 of 1st period - Stopped by Ivan Fedotov with a rebound.
9:03 of 1st period - Snap shot by Nolan Patrick.
9:03 of 1st period - Shot Blocked by Cal Foote.
9:05 of 1st period - Slapshot by Connor Chatam.
9:05 of 1st period - Shot Misses the Net.
9:17 of 1st period - Snap shot by Morgan Klimchuk.
9:17 of 1st period - Shot Misses the Net.
9:19 of 1st period - Slapshot by Rinat Valiev.
9:19 of 1st period - Deflect By Morgan Klimchuk.
9:19 of 1st period - Shot Misses the Net.
9:19 of 1st period - Puck is out of play.
9:20 of 1st period - Casey Mittelstadt wins face-off versus Joe Snively in Wolfpack zone.
9:20 of 1st period - Casey Mittelstadt is hit by Joe Snively.
9:28 of 1st period - Joe Snively is hit by Casey Mittelstadt and loses puck.
9:45 of 1st period - Cristoval Nieves is hit by Owen Tippet and loses puck.
9:56 of 1st period - Slapshot by Alexander Barabanov.
9:56 of 1st period - Shot Misses the Net.
10:04 of 1st period - Minor Penalty to A.J. Greer for Hooking.
10:05 of 1st period - Casey Mittelstadt wins face-off versus Morgan Klimchuk in Phantoms zone.
10:12 of 1st period - Slapshot by Sebastian Collberg.
10:12 of 1st period - Goal by Sebastian Collberg - Phantoms : 1 - Wolfpack : 1.
10:13 of 1st period - Lucas Wallmarkk wins face-off versus Casey Mittelstadt in neutral zone.
11:04 of 1st period - David Pope is hit by Mikko Lehtonen and loses puck.
11:53 of 1st period - Snap shot by Steven Santini.
11:53 of 1st period - Stopped by Zachary Fucale without a rebound.
11:54 of 1st period - Casey Mittelstadt wins face-off versus Joe Snively in Phantoms zone.
12:07 of 1st period - Samuel Blais is hit by Erik Nystrom and loses puck.
12:25 of 1st period - Slapshot by Cal Foote.
12:25 of 1st period - Shot Misses the Net.
12:29 of 1st period - Wrist shot by Oliver Wahlstrom.
12:29 of 1st period - Stopped by Ivan Fedotov without a rebound.
12:30 of 1st period - Lucas Wallmarkk wins face-off versus Alex Barre-Boulet in Wolfpack zone.
13:41 of 1st period - Snap shot by David Kampf.
13:41 of 1st period - Stopped by Ivan Fedotov without a rebound.
13:42 of 1st period - Casey Mittelstadt wins face-off versus Joe Snively in Wolfpack zone.
14:07 of 1st period - Nick Sorensen is hit by K'Andre Miller and loses puck.
14:30 of 1st period - Wrist shot by Dryden Hunt.
14:30 of 1st period - Stopped by Zachary Fucale without a rebound.
14:31 of 1st period - Lucas Wallmarkk wins face-off versus Jake Marchment in Phantoms zone.
14:31 of 1st period - Lucas Wallmarkk is hit by Dryden Hunt.
14:39 of 1st period - Steven Santini is hit by Cal Foote and loses puck.
15:05 of 1st period - Snap shot by Cristoval Nieves.
15:05 of 1st period - Shot Blocked by Samuel Blais.
16:33 of 1st period - Snap shot by Connor Chatam.
16:33 of 1st period - Shot Misses the Net.
16:35 of 1st period - Snap shot by Connor Chatam.
16:35 of 1st period - Stopped by Zachary Fucale with a rebound.
16:55 of 1st period - Wrist shot by Linus Sandin.
16:55 of 1st period - Shot Misses the Net.
17:04 of 1st period - Icing by David Kampf.
17:05 of 1st period - Casey Mittelstadt wins face-off versus David Kampf in Phantoms zone.
17:49 of 1st period - David Kampf is hit by Linus Sandin and loses puck.
18:10 of 1st period - Wrist shot by Mikko Lehtonen.
18:10 of 1st period - Shot Blocked by Jake Marchment.
18:14 of 1st period - Snap shot by Laurent Dauphin.
18:14 of 1st period - Shot Blocked by Will Borgen.
18:16 of 1st period - Snap shot by Brett Murray.
18:16 of 1st period - Goal by Brett Murray - Phantoms : 2 - Wolfpack : 1.
18:17 of 1st period - Lucas Wallmarkk wins face-off versus Casey Mittelstadt in neutral zone.
18:42 of 1st period - Ryan Culkin is hit by Oliver Wahlstrom.
18:54 of 1st period - Wrist shot by Cristoval Nieves.
18:54 of 1st period - Stopped by Ivan Fedotov without a rebound.
18:55 of 1st period - Lucas Wallmarkk wins face-off versus Nolan Patrick in Wolfpack zone.
19:30 of 1st period - Snap shot by Alex Barre-Boulet.
19:30 of 1st period - Shot Misses the Net.
19:44 of 1st period - Oliver Wahlstrom is hit by Linus Sandin and loses puck.
Goals for this period are 2 for Phantoms vs 1 for Wolfpack.
Shots for this period are 16 for Phantoms vs 12 for Wolfpack.

2nd period


0:01 of 2nd period - Lucas Wallmarkk wins face-off versus Samuel Blais in neutral zone.
0:10 of 2nd period - Lucas Wallmarkk is hit by Steven Santini and loses puck.
5:20 of 2nd period - Connor Chatam is hit by Cristoval Nieves and loses puck.
5:36 of 2nd period - Connor Chatam is hit by A.J. Greer and loses puck.
6:47 of 2nd period - Off-side.
6:48 of 2nd period - Nolan Patrick wins face-off versus Joe Snively in neutral zone.
7:00 of 2nd period - Off-side.
7:01 of 2nd period - Lucas Wallmarkk wins face-off versus Casey Mittelstadt in neutral zone.
7:10 of 2nd period - Wrist shot by Rem Pitlick.
7:10 of 2nd period - Goal by Rem Pitlick - Phantoms : 3 - Wolfpack : 1.
7:11 of 2nd period - Casey Mittelstadt wins face-off versus Lucas Wallmarkk in neutral zone.
7:41 of 2nd period - Rinat Valiev is hit by K'Andre Miller and loses puck.
7:48 of 2nd period - Wrist shot by Samuel Blais.
7:48 of 2nd period - Shot Misses the Net.
7:50 of 2nd period - Wrist shot by Samuel Blais.
7:50 of 2nd period - Shot Misses the Net.
7:52 of 2nd period - Snap shot by Sebastian Collberg.
7:52 of 2nd period - Stopped by Zachary Fucale with a rebound.
8:08 of 2nd period - Slapshot by Colton White.
8:08 of 2nd period - Stopped by Zachary Fucale with a rebound.
8:10 of 2nd period - Slapshot by Sebastian Collberg.
8:10 of 2nd period - Shot Misses the Net.
8:38 of 2nd period - Rinat Valiev is hit by Sebastian Collberg and loses puck.
8:57 of 2nd period - Slapshot by Samuel Blais.
8:57 of 2nd period - Shot Blocked by Cal Foote.
8:59 of 2nd period - Snap shot by Samuel Blais.
8:59 of 2nd period - Deflect By Sebastian Collberg.
8:59 of 2nd period - Stopped by Zachary Fucale with a rebound.
9:13 of 2nd period - Slapshot by Casey Mittelstadt.
9:13 of 2nd period - Stopped by Zachary Fucale without a rebound.
9:14 of 2nd period - Lucas Wallmarkk wins face-off versus Nolan Patrick in Phantoms zone.
9:14 of 2nd period - Minor Penalty to Rem Pitlick for Roughing.
9:15 of 2nd period - Morgan Klimchuk wins face-off versus Nolan Patrick in Phantoms zone.
9:51 of 2nd period - Snap shot by Nolan Patrick.
9:51 of 2nd period - Stopped by Zachary Fucale with a rebound.
10:05 of 2nd period - Snap shot by Connor Chatam.
10:05 of 2nd period - Deflect By David Pope.
10:05 of 2nd period - Stopped by Zachary Fucale with a rebound.
10:07 of 2nd period - Snap shot by David Pope.
10:07 of 2nd period - Shot Blocked by Matt Kiersted.
10:09 of 2nd period - Slapshot by Ryan Culkin.
10:09 of 2nd period - Shot Blocked by Mikko Lehtonen.
10:11 of 2nd period - Snap shot by Connor Chatam.
10:11 of 2nd period - Deflect By David Pope.
10:11 of 2nd period - Shot Misses the Net.
10:11 of 2nd period - Puck is out of play.
10:12 of 2nd period - Josiah Slavin wins face-off versus Alexander Barabanov in Phantoms zone.
11:14 of 2nd period - Penalty to Rem Pitlick is over, Rem Pitlick is back on ice.
11:30 of 2nd period - Slapshot by Mikko Lehtonen.
11:30 of 2nd period - Shot Misses the Net.
12:21 of 2nd period - Icing by Sebastian Collberg.
12:22 of 2nd period - Lucas Wallmarkk wins face-off versus Casey Mittelstadt in Wolfpack zone.
12:25 of 2nd period - Wrist shot by Lucas Wallmarkk.
12:25 of 2nd period - Stopped by Ivan Fedotov with a rebound.
12:37 of 2nd period - Wrist shot by Joe Snively.
12:37 of 2nd period - Stopped by Ivan Fedotov without a rebound.
12:38 of 2nd period - Joe Snively wins face-off versus Nolan Patrick in Wolfpack zone.
13:25 of 2nd period - Slapshot by Ryan Culkin.
13:25 of 2nd period - Shot Blocked by Matt Kiersted.
13:27 of 2nd period - Backhand shot by Samuel Blais.
13:27 of 2nd period - Shot Misses the Net.
13:29 of 2nd period - Wrist shot by Samuel Blais.
13:29 of 2nd period - Stopped by Zachary Fucale with a rebound.
13:31 of 2nd period - Slapshot by Ryan Culkin.
13:31 of 2nd period - Shot Blocked by Mikko Lehtonen.
13:33 of 2nd period - Snap shot by Samuel Blais.
13:33 of 2nd period - Stopped by Zachary Fucale with a rebound.
13:35 of 2nd period - Snap shot by Ryan Culkin.
13:35 of 2nd period - Deflect By Samuel Blais.
13:35 of 2nd period - Goal by Samuel Blais - Phantoms : 3 - Wolfpack : 2.
13:36 of 2nd period - Lucas Wallmarkk wins face-off versus Nolan Patrick in neutral zone.
13:41 of 2nd period - Rem Pitlick is hit by Connor Chatam and loses puck.
13:51 of 2nd period - Minor Penalty to Rem Pitlick for Holding.
13:52 of 2nd period - Morgan Klimchuk wins face-off versus Casey Mittelstadt in Phantoms zone.
14:08 of 2nd period - Slapshot by Steven Santini.
14:08 of 2nd period - Deflect By Morgan Klimchuk.
14:08 of 2nd period - Stopped by Zachary Fucale without a rebound.
14:09 of 2nd period - Casey Mittelstadt wins face-off versus Morgan Klimchuk in Phantoms zone.
14:36 of 2nd period - Cal Foote is hit by Nolan Patrick and loses puck.
15:23 of 2nd period - Ryan Culkin is hit by Morgan Klimchuk and loses puck.
15:51 of 2nd period - Penalty to Rem Pitlick is over, Rem Pitlick is back on ice.
16:22 of 2nd period - Slapshot by Cristoval Nieves.
16:22 of 2nd period - Shot Misses the Net.
16:38 of 2nd period - Wrist shot by Rem Pitlick.
16:38 of 2nd period - Shot Blocked by Steven Santini.
16:40 of 2nd period - Slapshot by Rem Pitlick.
16:40 of 2nd period - Stopped by Ivan Fedotov without a rebound.
16:41 of 2nd period - Alex Barre-Boulet wins face-off versus David Kampf in Wolfpack zone.
16:43 of 2nd period - Minor Penalty to Owen Tippet for Tripping.
16:44 of 2nd period - Casey Mittelstadt wins face-off versus Lucas Wallmarkk in Wolfpack zone.
17:18 of 2nd period - Slapshot by Nick Sorensen.
17:18 of 2nd period - Shot Misses the Net.
18:43 of 2nd period - Penalty to Owen Tippet is over, Owen Tippet is back on ice.
18:56 of 2nd period - Slapshot by Colton White.
18:56 of 2nd period - Stopped by Zachary Fucale without a rebound.
18:57 of 2nd period - Alex Barre-Boulet wins face-off versus Cristoval Nieves in Phantoms zone.
19:04 of 2nd period - Snap shot by Alex Barre-Boulet.
19:04 of 2nd period - Shot Misses the Net.
19:06 of 2nd period - Snap shot by Owen Tippet.
19:06 of 2nd period - Stopped by Zachary Fucale without a rebound.
19:07 of 2nd period - Cristoval Nieves wins face-off versus Casey Mittelstadt in Phantoms zone.
19:07 of 2nd period - Cristoval Nieves is hit by Casey Mittelstadt.
19:44 of 2nd period - Minor Penalty to Ryan Culkin for Slashing.
19:45 of 2nd period - Lucas Wallmarkk wins face-off versus Casey Mittelstadt in Wolfpack zone.
Goals for this period are 1 for Phantoms vs 1 for Wolfpack.
Shots for this period are 4 for Phantoms vs 12 for Wolfpack.

3rd period


0:01 of 3rd period - Lucas Wallmarkk wins face-off versus Casey Mittelstadt in neutral zone.
0:20 of 3rd period - K'Andre Miller is hit by Cal Foote and loses puck.
1:44 of 3rd period - Penalty to Ryan Culkin is over, Ryan Culkin is back on ice.
1:48 of 3rd period - Icing by David Pope.
1:49 of 3rd period - Cristoval Nieves wins face-off versus Jake Marchment in Wolfpack zone.
1:58 of 3rd period - Slapshot by Ty Smith.
1:58 of 3rd period - Shot Misses the Net.
2:00 of 3rd period - Wrist shot by Oliver Wahlstrom.
2:00 of 3rd period - Shot Blocked by Colton White.
2:02 of 3rd period - Slapshot by Oliver Wahlstrom.
2:02 of 3rd period - Shot Misses the Net.
3:05 of 3rd period - Ty Smith is hit by Linus Sandin and loses puck.
3:24 of 3rd period - Erik Nystrom is hit by Alex Barre-Boulet and loses puck.
3:43 of 3rd period - Rinat Valiev is hit by Nolan Patrick and loses puck.
4:20 of 3rd period - Owen Tippet is hit by Lucas Wallmarkk and loses puck.
4:29 of 3rd period - Alexander Barabanov is hit by Laurent Dauphin and loses puck.
4:48 of 3rd period - Joshua Jacobs is hit by Morgan Klimchuk and loses puck.
5:07 of 3rd period - Wrist shot by Samuel Blais.
5:07 of 3rd period - Deflect By Sebastian Collberg.
5:07 of 3rd period - Shot Blocked by Matt Kiersted.
5:07 of 3rd period - Puck is out of play.
5:08 of 3rd period - Casey Mittelstadt wins face-off versus A.J. Greer in Phantoms zone.
5:23 of 3rd period - Wrist shot by Samuel Blais.
5:23 of 3rd period - Shot Misses the Net.
5:42 of 3rd period - Slapshot by A.J. Greer.
5:42 of 3rd period - Deflect By Oliver Wahlstrom.
5:42 of 3rd period - Shot Misses the Net.
5:42 of 3rd period - Puck is out of play.
5:43 of 3rd period - Lucas Wallmarkk wins face-off versus Nolan Patrick in Wolfpack zone.
5:44 of 3rd period - Wrist shot by Rem Pitlick.
5:44 of 3rd period - Shot Misses the Net.
6:16 of 3rd period - Snap shot by Sebastian Collberg.
6:16 of 3rd period - Stopped by Zachary Fucale with a rebound.
6:52 of 3rd period - A.J. Greer is hit by Alexander Barabanov and loses puck.
7:43 of 3rd period - Icing by Casey Mittelstadt.
7:44 of 3rd period - Jake Marchment wins face-off versus Lucas Wallmarkk in Wolfpack zone.
7:46 of 3rd period - Icing by Dryden Hunt.
7:47 of 3rd period - Lucas Wallmarkk wins face-off versus Jake Marchment in Wolfpack zone.
8:03 of 3rd period - Slapshot by Linus Sandin.
8:03 of 3rd period - Shot Misses the Net.
8:15 of 3rd period - Slapshot by David Pope.
8:15 of 3rd period - Stopped by Zachary Fucale without a rebound.
8:16 of 3rd period - Joe Snively wins face-off versus Nolan Patrick in Phantoms zone.
8:21 of 3rd period - Backhand shot by Erik Nystrom.
8:21 of 3rd period - Shot Blocked by Ryan Culkin.
9:13 of 3rd period - Slapshot by Rem Pitlick.
9:13 of 3rd period - Shot Misses the Net.
9:15 of 3rd period - Wrist shot by Morgan Klimchuk.
9:15 of 3rd period - Stopped by Ivan Fedotov without a rebound.
9:16 of 3rd period - Joe Snively wins face-off versus Nolan Patrick in Wolfpack zone.
9:23 of 3rd period - Snap shot by Joe Snively.
9:23 of 3rd period - Shot Misses the Net.
9:28 of 3rd period - Minor Penalty to Nick Sorensen for Slashing.
9:29 of 3rd period - Casey Mittelstadt wins face-off versus Morgan Klimchuk in Phantoms zone.
10:03 of 3rd period - Snap shot by David Pope.
10:03 of 3rd period - Shot Misses the Net.
10:53 of 3rd period - Nolan Patrick is hit by Lucas Wallmarkk and loses puck.
11:19 of 3rd period - K'Andre Miller is hit by Mikko Lehtonen and loses puck.
11:28 of 3rd period - Penalty to Nick Sorensen is over, Nick Sorensen is back on ice.
11:42 of 3rd period - Snap shot by Joe Snively.
11:42 of 3rd period - Shot Misses the Net.
12:51 of 3rd period - Ryan Culkin is hit by Brett Murray and loses puck.
13:43 of 3rd period - Erik Nystrom is hit by Linus Sandin.
13:49 of 3rd period - Connor Chatam is hit by Cal Foote and loses puck.
14:16 of 3rd period - Wrist shot by A.J. Greer.
14:16 of 3rd period - Shot Misses the Net.
14:18 of 3rd period - Snap shot by Cristoval Nieves.
14:18 of 3rd period - Goal by Cristoval Nieves - Phantoms : 4 - Wolfpack : 2.
14:19 of 3rd period - Lucas Wallmarkk wins face-off versus Casey Mittelstadt in neutral zone.
14:26 of 3rd period - Wrist shot by Lucas Wallmarkk.
14:26 of 3rd period - Deflect By Morgan Klimchuk.
14:26 of 3rd period - Shot Misses the Net.
14:26 of 3rd period - Puck is out of play.
14:27 of 3rd period - Lucas Wallmarkk wins face-off versus Casey Mittelstadt in Wolfpack zone.
14:35 of 3rd period - Minor Penalty to Samuel Blais for Roughing.
14:36 of 3rd period - Morgan Klimchuk wins face-off versus Casey Mittelstadt in Wolfpack zone.
14:36 of 3rd period - Snap shot by Rem Pitlick.
14:36 of 3rd period - Shot Misses the Net.
14:38 of 3rd period - Slapshot by Cal Foote.
14:38 of 3rd period - Shot Misses the Net.
14:40 of 3rd period - Snap shot by Morgan Klimchuk.
14:40 of 3rd period - Deflect By Lucas Wallmarkk.
14:40 of 3rd period - Shot Blocked by David Pope.
14:40 of 3rd period - Puck is out of play.
14:41 of 3rd period - Lucas Wallmarkk wins face-off versus Casey Mittelstadt in Wolfpack zone.
14:44 of 3rd period - Snap shot by Rem Pitlick.
14:44 of 3rd period - Goal by Rem Pitlick - Phantoms : 5 - Wolfpack : 2.
14:45 of 3rd period - Morgan Klimchuk wins face-off versus Casey Mittelstadt in neutral zone.
14:58 of 3rd period - Wrist shot by Rem Pitlick.
14:58 of 3rd period - Stopped by Ivan Fedotov with a rebound.
15:07 of 3rd period - Icing by Rinat Valiev.
15:08 of 3rd period - Lucas Wallmarkk wins face-off versus Nolan Patrick in Phantoms zone.
15:21 of 3rd period - Snap shot by David Pope.
15:21 of 3rd period - Deflect By Nolan Patrick.
15:21 of 3rd period - Stopped by Zachary Fucale with a rebound.
15:23 of 3rd period - Slapshot by Colton White.
15:23 of 3rd period - Stopped by Zachary Fucale without a rebound.
15:24 of 3rd period - Sebastian Collberg wins face-off versus Morgan Klimchuk in Phantoms zone.
15:31 of 3rd period - Lucas Wallmarkk is hit by Ryan Culkin and loses puck.
15:50 of 3rd period - Nolan Patrick is hit by Nick Sorensen.
16:21 of 3rd period - Slapshot by Steven Santini.
16:21 of 3rd period - Deflect By Cal Foote.
16:21 of 3rd period - Stopped by Zachary Fucale with a rebound.
16:23 of 3rd period - Snap shot by Alex Barre-Boulet.
16:23 of 3rd period - Stopped by Zachary Fucale without a rebound.
16:24 of 3rd period - Samuel Blais wins face-off versus Lucas Wallmarkk in Phantoms zone.
16:50 of 3rd period - Nolan Patrick is hit by Erik Nystrom and loses puck.
17:11 of 3rd period - Off-side.
17:12 of 3rd period - Cristoval Nieves wins face-off versus Alex Barre-Boulet in neutral zone.
17:47 of 3rd period - Snap shot by Rem Pitlick.
17:47 of 3rd period - Stopped by Ivan Fedotov without a rebound.
17:48 of 3rd period - Nolan Patrick wins face-off versus Joe Snively in Wolfpack zone.
18:24 of 3rd period - Wrist shot by Connor Chatam.
18:24 of 3rd period - Stopped by Zachary Fucale without a rebound.
18:25 of 3rd period - Casey Mittelstadt wins face-off versus Joe Snively in Phantoms zone.
18:26 of 3rd period - Snap shot by Samuel Blais.
18:26 of 3rd period - Stopped by Zachary Fucale with a rebound.
18:52 of 3rd period - Owen Tippet is hit by Lucas Wallmarkk and loses puck.
19:01 of 3rd period - Ryan Culkin is hit by Riley Stillman and loses puck.
19:16 of 3rd period - Slapshot by Connor Chatam.
19:16 of 3rd period - Shot Misses the Net.
19:18 of 3rd period - Slapshot by K'Andre Miller.
19:18 of 3rd period - Shot Blocked by Ty Smith.
19:20 of 3rd period - Slapshot by Colton White.
19:20 of 3rd period - Stopped by Zachary Fucale with a rebound.
19:22 of 3rd period - Wrist shot by Nolan Patrick.
19:22 of 3rd period - Deflect By Connor Chatam.
19:22 of 3rd period - Stopped by Zachary Fucale without a rebound.
19:23 of 3rd period - Casey Mittelstadt wins face-off versus Joe Snively in Phantoms zone.
19:30 of 3rd period - Backhand shot by Samuel Blais.
19:30 of 3rd period - Shot Misses the Net.
19:32 of 3rd period - Wrist shot by Casey Mittelstadt.
19:32 of 3rd period - Shot Misses the Net.
19:34 of 3rd period - Wrist shot by Samuel Blais.
19:34 of 3rd period - Deflect By Sebastian Collberg.
19:34 of 3rd period - Stopped by Zachary Fucale without a rebound.
19:35 of 3rd period - Casey Mittelstadt wins face-off versus Joe Snively in Phantoms zone.
19:36 of 3rd period - Snap shot by Samuel Blais.
19:36 of 3rd period - Stopped by Zachary Fucale without a rebound.
19:37 of 3rd period - Casey Mittelstadt wins face-off versus Joe Snively in Phantoms zone.
19:46 of 3rd period - Snap shot by Samuel Blais.
19:46 of 3rd period - Shot Misses the Net.
19:48 of 3rd period - Slapshot by Steven Santini.
19:48 of 3rd period - Stopped by Zachary Fucale with a rebound.
19:50 of 3rd period - Slapshot by Samuel Blais.
19:50 of 3rd period - Stopped by Zachary Fucale with a rebound.
19:52 of 3rd period - Wrist shot by Samuel Blais.
19:52 of 3rd period - Stopped by Zachary Fucale without a rebound.
19:53 of 3rd period - Connor Chatam wins face-off versus Lucas Wallmarkk in Phantoms zone.
Goals for this period are 2 for Phantoms vs 0 for Wolfpack.
Shots for this period are 5 for Phantoms vs 15 for Wolfpack.